 Dungeon Crawl Stone Soup version 0.27-a0-1105-g946c659c87 (webtiles) character file.

Game seed: 8575747901967876875

623 kae the Cleaver (level 7, 0/63 HPs)
             Began as a Hill Orc Fighter on Apr 29, 2021.
             Slain by an ice beast (13 damage)
             ... on level 5 of the Dungeon.
             The game lasted 00:02:44 (4337 turns).

kae the Cleaver (Hill Orc Fighter)                  Turns: 4337, Time: 00:02:45

Health: 0/63       AC:  8    Str: 21    XL:     7   Next: 47%
Magic:  7/7        EV:  7    Int:  8    God:
Gold:   135        SH:  9    Dex: 13    Spells: 6/6 levels left

rFire    . . .     SeeInvis .   a - +0 war axe
rCold    . . .     Faith    .   c - +0 kite shield
rNeg     . . .     Spirit   .   b - +0 scale mail
rPois    .         Reflect  .   g - +0 helmet of Poabime {Rampage Dex+3}
rElec    .         Harm     .   (no cloak)
rCorr    .         Rampage  +   (no gloves)
Will     .....                  (no boots)
Stlth    ..........             (no amulet)
HPRegen  0.20/turn              (no ring)
MPRegen  0.10/turn              (no ring)

@: studying Axes
A: no striking features
a: no special abilities


You were on level 5 of the Dungeon.
You visited 1 branch of the dungeon, and saw 5 of its levels.

You collected 296 gold pieces.
You spent 161 gold pieces at shops.

Inventory:

Hand Weapons
 a - a +0 war axe (weapon)
Armour
 b - a +0 scale mail (worn)
 c - a +0 kite shield (worn)
 g - the +0 helmet of Poabime (worn) {Rampage Dex+3}
   (You acquired it on level 1 of the Dungeon)

   It affects your dexterity (+3).
   It bestows one free step when moving towards enemies.
Jewellery
 e - a ring of positive energy
 l - a +6 ring of strength
 p - a +4 ring of evasion
Scrolls
 k - a scroll of summoning
 n - 5 scrolls of identify
 o - a scroll of fear
 r - a scroll of noise {unknown}
 s - a scroll of silence {unknown}
 t - a scroll of enchant weapon {unknown}
 u - a scroll of blinking {unknown}
Potions
 d - a potion of might
 f - 5 potions of curing
 h - a potion of attraction
 i - a potion of flight
 j - a potion of heal wounds
 m - a potion of mutation
 q - a potion of resistance {unknown}


   Skills:
 + Level 6.0 Fighting
 * Level 9.2 Axes
 - Level 5.0 Armour
 - Level 3.2 Shields


You had 6 spell levels left.
You didn't know any spells.
Your spell library contained the following spells:

 Spells                   Type           Power      Damage    Failure   Level
 Corona                   Hex            0%         N/A       99%         1
 Foxfire                  Conj/Fire      0%         2x1d4     99%         1
 Summon Small Mammal      Summ           0%         N/A       99%         1
 Ensorcelled Hibernation  Hex/Ice        0%         N/A       100%        2
 Confusing Touch          Hex            0%         N/A       100%        3
 Dazzling Flash           Conj/Hex       0%         N/A       100%        3
 Tukima's Dance           Hex            0%         N/A       100%        3
 Animate Armour           Summ/Erth      0%         N/A       100%        4
 Fireball                 Conj/Fire      0%         3d3       100%        5
 Dragon's Call            Summ           0%         N/A       100%        9


Dungeon Overview and Level Annotations

Branches:
Dungeon (5/15)
 Temple: D:4-7

Altars:
Zin

Shops:
D:4 ?


Message History

The adder skeleton is lightly damaged.
You block the adder skeleton's attack. x2
You slash the adder skeleton!
You destroy the adder skeleton!
No target in view!
No target in view!
No target in view!
No target in view!
u - a scroll labelled YCOWNI JUZAESALEOC
Found a robe.
You now have 135 gold pieces (gained 7).
You see here a +0 robe.
An ice beast comes into view.
Found 14 stones and 6 gold pieces.
Found a stone staircase leading down.
An ice beast is nearby!
An ice beast is nearby!
You rampage towards the ice beast!
You slash the ice beast!
The ice beast is moderately wounded.
You block the ice beast's attack.
You closely miss the ice beast.
The ice beast is moderately wounded.
The ice beast hits you. The ice beast freezes you!
You block the ice beast's attack.
You slash the ice beast!
The ice beast is severely wounded.
The ice beast hits you. The ice beast freezes you.
You closely miss the ice beast.
The ice beast is severely wounded.
The ice beast closely misses you.
You closely miss the ice beast.
The ice beast is heavily wounded.
The ice beast hits you. The ice beast freezes you! The ice beast hits you.
The ice beast freezes you!
* * * LOW HITPOINT WARNING * * *
You hit the ice beast.
The ice beast is severely wounded.
The ice beast hits you.
* * * LOW HITPOINT WARNING * * *
The ice beast freezes you!
You die...

......#.######.#
#.###.#....##..#
##.##..####.##.## .
................# ..
#..##......####.# #.>
#..###...#.# ##.#
#...###..####.##.###..##
$...................#...
#..(.Y@.......#.###.###
######.######.#.# ##.##
#[# #.#.####.#
#.######.#......#
#......#.######.#
#.#.#..#.# #.##
#........# #.##
#.#.#.#### #... #.....#
#.##


You could see an ice beast.

Vanquished Creatures
  Menkaure (D:4)
  A necrophage (D:4)
  A black bear (D:5)
  A water moccasin skeleton (D:5)
  Jessica (D:3)
  Terence (D:3)
  An iguana (D:3)
  An orc wizard (D:5)
  A hound skeleton (D:4)
  A howler monkey skeleton (D:4)
  3 gnolls (D:4)
  An adder (D:4)
  2 adder skeletons
  2 dart slugs
  6 orcs
  11 ball pythons
  7 bats
  4 endoplasms
  4 giant cockroaches
  9 goblins
  7 hobgoblins
  10 jackals
  6 kobolds
  5 quokkas
  5 frilled lizards
  13 rats
105 creatures vanquished.

Vanquished Creatures (collateral kills)
  A gnoll (D:4)
1 creature vanquished.

Grand Total: 106 creatures vanquished

Notes
Turn   | Place    | Note
-------+----------+-------------------------------------------
     0 | D:1      | kae the Hill Orc Fighter began the quest for the Orb.
     0 | D:1      | Reached XP level 1. HP: 19/19 MP: 1/1
   142 | D:1      | Reached skill level 3 in Axes
   159 | D:1      | Reached XP level 2. HP: 19/27 MP: 2/2
   559 | D:1      | Reached XP level 3. HP: 25/33 MP: 3/3
   763 | D:1      | Found a faded altar of an unknown god.
   927 | D:1      | Reached skill level 4 in Axes
  1073 | D:1      | Identified a scroll of acquirement
  1073 | D:1      | Acquired the +0 helmet of Poabime {Rampage Dex+3}
  1235 | D:2      | Reached XP level 4. HP: 36/40 MP: 4/4
  1733 | D:3      | Found a glowing silver altar of Zin.
  1734 | D:3      | Noticed Terence
  1746 | D:3      | Killed Terence
  1747 | D:3      | Reached skill level 5 in Axes
  1977 | D:3      | Identified Sif Muna's Handbook of Summoning and Ignition
  2260 | D:3      | Reached XP level 5. HP: 31/47 MP: 5/5
  2374 | D:3      | Noticed Jessica
  2383 | D:3      | Killed Jessica
  2720 | D:4      | Noticed Menkaure
  2728 | D:4      | Killed Menkaure
  2729 | D:4      | Reached skill level 5 in Fighting
  2729 | D:4      | Reached skill level 6 in Axes
  2729 | D:4      | Reached XP level 6. HP: 23/56 MP: 6/6
  3232 | D:4      | Found Bokhlewno's Magic Scroll Boutique.
  3241 | D:4      | Bought a scroll of identify for 28 gold pieces
  3241 | D:4      | Bought a scroll of identify for 28 gold pieces
  3241 | D:4      | Bought a scroll of identify for 28 gold pieces
  3241 | D:4      | Bought a scroll of identify for 28 gold pieces
  3241 | D:4      | Bought a scroll of fear for 49 gold pieces
  3405 | D:4      | Noticed a necrophage
  3414 | D:4      | Killed a necrophage
  3415 | D:4      | Reached skill level 7 in Axes
  3415 | D:4      | Reached skill level 5 in Armour
  3415 | D:4      | Reached XP level 7. HP: 54/61 MP: 7/7
  3668 | D:5      | Entered Level 5 of the Dungeon
  3736 | D:5      | Reached skill level 8 in Axes
  4100 | D:5      | Reached skill level 9 in Axes
  4337 | D:5      | Slain by an ice beast

Illustrated notes

Levels and vault maps discovered:
D:1:      dpeg_arrival_ratfight, layout_basic,
          shapermc_ecumenical_altar_totnotflames, minmay_quantized
D:2:      layout_rooms
D:3:      layout_basic, amcnicky_altar_gilded, uniq_terence, uniq_jessica
D:4:      layout_basic, serial_shops, shop, minmay_manual_macuahuitl,
          uniq_menkaure
D:5:      layout_loops_ring, serial_co_window_serial,
          co_window_of_opportunity_a, co_window_corner_a, co_window_corner_a,
          co_window_paths_a, co_window_corner_a, co_window_corner_b,
          co_window_2corner, co_window_unsneaky_path_e, co_window_sun,
          glass_columns_a, glass_columns_a, glass_columns_c, glass_columns_a

Skill      XL: |  1  2  3  4  5  6  7 |
---------------+----------------------+-----
Axes           | 3 4 5 6 7 9 |  9.2
Fighting       | 4 5 6 |  6.0
Armour         | 4 5 |  5.0
Shields        | |  3.2

Action                   |  1- 3 |  4- 6 |  7- 9 || total
-------------------------+-------+-------+-------++-------
Melee: War axe           |   112 |   158 |    48 ||   318
  Use: Scroll            |     3 |     7 |       ||    10
Armor: Scale mail        |    62 |    63 |    23 ||   148
Dodge: Dodged            |    29 |    48 |     8 ||    85
Block: Kite shield       |    56 |    84 |    33 ||   173

Table legend: (Time is in decaauts)
 A = Elapsed time spent in this place.
 B = Non-inter-level travel time spent in this place.
 C = Inter-level travel time spent in this place.
 D = Time resting spent in this place.
 E = Time spent auto-exploring this place.
 F = Levels seen in this place.
 G = Mean time per level.
                   A        B        C        D        E       F      G
               +--------+--------+--------+--------+--------+-----+--------+
         Total |   4486 |   4422 |     64 |    181 |   3535 |   5 |  897.2 |
       Dungeon |   4486 |   4422 |     64 |    181 |   3535 |   5 |  897.2 |
               +--------+--------+--------+--------+--------+-----+--------+

Top non-repeatable levels by time:
     D:4: 1258 daAuts
     D:1: 1126 daAuts
     D:3: 843 daAuts
     D:5: 680 daAuts
     D:2: 577 daAuts
